 Dungeon Crawl Stone Soup version 0.24.0-13-gcf9b319 (webtiles) character file.

Game seed: 13229716036219541331, levelgen mode: deterministic

3604 Fang the Fighter (level 10, 0/65 HPs)
             Began as a Gargoyle Berserker on Nov 14, 2019.
             Was an Elder of Trog.
             Incinerated by a smoke demon (3 damage)
             ... with a sticky flame
             ... on level 8 of the Dungeon.
             The game lasted 00:07:54 (6841 turns).

Fang the Fighter (Gargoyle Berserker)               Turns: 6841, Time: 00:07:55

Health: 0/65       AC:  0    Str: 24    XL:     10   Next: 10%
Magic:  10/10      EV:  9    Int:  8    God:    Trog [****..]
Gold:   305        SH:  0    Dex:  9    Spells: 9/9 levels left

rFire    + . .     SeeInvis .   a - +0 war axe
rCold    + . .     Gourm    .   (no shield)
rNeg     + . .     Faith    .   b - +0 plate armour
rPois    ∞         Spirit   .   (no helmet)
rElec    +         Reflect  .   m - scarf {rC+ rF+}
rCorr    .         Harm     .   (no gloves)
MR       .....                  (no boots)
Stlth    ..........             (no amulet)
HPRegen  0.20/turn              (no ring)
MPRegen  0.12/turn              (no ring)

@: liquid flames, corroded, berserk cooldown, slowed, glowing, very slow
A: negative energy resistance 1, electricity resistance, unbreathing,
petrification resistance, rot immunity, AC +7
a: Berserk, Trog's Hand, Brothers in Arms, Renounce Religion


You were on level 8 of the Dungeon.
You worshipped Trog.
Trog was greatly pleased with you.
You were hungry.

You visited 2 branches of the dungeon, and saw 9 of its levels.

You collected 305 gold pieces.

Inventory:

Hand Weapons
 a - a +0 war axe (weapon)
Armour
 b - a +0 plate armour (worn)
 m - a scarf of resistance (worn)
Jewellery
 q - a cursed amulet of the gourmand {unknown}
 v - a +2 ring of strength {unknown}
Wands
 n - a wand of enslavement (3)
 o - a wand of polymorph (7)
 z - a wand of paralysis (10)
Scrolls
 e - a scroll of enchant weapon {unknown}
 f - 4 scrolls of teleportation {unknown}
 j - 6 scrolls of identify {unknown}
 s - 2 scrolls of noise {unknown}
 t - 5 scrolls of remove curse {unknown}
 w - a scroll of fog {unknown}
 y - a scroll of fear {unknown}
 A - a scroll of enchant armour {unknown}
 B - a scroll of random uselessness {unknown}
Potions
 d - 2 potions of berserk rage {unknown}
 g - 3 potions of lignification {unknown}
 h - 2 potions of invisibility {unknown}
 i - 2 potions of mutation {unknown}
 k - 2 potions of degeneration {unknown}
 p - 4 potions of curing
 r - a potion of resistance {unknown}
 u - 3 potions of brilliance {unknown}
 x - a potion of experience {unknown}
 C - a potion of ambrosia {unknown}
Comestibles
 c - 11 rations
 l - 6 chunks of flesh


   Skills:
 + Level 8.5 Fighting
 + Level 7.0 Axes
 + Level 8.0 Armour
 + Level 6.1 Dodging


You had 9 spell levels left.
You didn't know any spells.
Your spell library was empty.

Dungeon Overview and Level Annotations

Branches:
Dungeon (8/15)             Temple (1/1) D:7
   Lair: D:8-11

Altars:
Cheibriados
Gozag
Makhleb
Okawaru
Xom

Annotations:
D:8 exclusion: obsidian statue


Innate Abilities, Weirdness & Mutations

You are resistant to torment.
Your stone body is resilient. (AC +7)
You are immune to poison.
You resist negative energy. (rN+)
You are resistant to electric shocks. (rElec)
You can survive without breathing.
You are immune to petrification.
You are immune to rotting.


Message History

* * * LOW HITPOINT WARNING * * *
The rust devil corrodes you! The hellwing closely misses you.
The hellwing barely misses you. The smoke demon gestures at you.
The sticky flame hits you. You resist.
You are covered in liquid flames!
* * * LOW HITPOINT WARNING * * *
The obsidian statue's eyes glow briefly.
The iron imp hits you.
* * * LOW HITPOINT WARNING * * *
The rust devil barely misses you.
You are too injured to fight recklessly!
You hit the obsidian statue but do no damage.
The obsidian statue is severely damaged.
You hit the rust devil but do no damage.
You hit the hellwing.
You hit the crimson imp but do no damage.
You hit the iron imp but do no damage. You closely miss the smoke demon.
You are covered in liquid flames!
You die...

.....# #...# #....... .[...#
#...#######.....# #.##.# #......
..#.....#
#.##.#######...#####.#.....# .
#....#.............(.#.....# ##..
................#.....(((..#.....
####.#.........###...#....)...#
.......###.#..##5##..#.....##.#
##.....# #.#.##5@4######.#.......
#.....# #<#.#(384.#####.#.##.##.
#.....# #...##55...#§#....##.#
#.....# #....##..5...#.....(.#
##..... .#... ##..........####
.#... ##............# .#....
##.....##...... ##....# ......
#....# ###.##


You could see an obsidian statue, a hellwing, a rust devil, a smoke demon, 2
iron imps, a quasit, a crimson imp and a white imp.

Vanquished Creatures
  Grinder (D:5)
  Sigmund (D:5)
  3 orc warriors
  2 ice beasts
  A sky beast (D:6)
  A phantom (D:5)
  A black bear (D:7)
  7 ogres
  3 centaurs
  A bullfrog (D:7)
  3 scorpions
  11 wights
  2 crimson imps
  2 bullfrog zombies
  4 hounds
  An orc priest (D:5)
  7 orc wizards
  3 iguanas
  7 worker ants
  2 hound zombies
  2 hound skeletons
  A worker ant zombie (D:6)
  3 gnolls
  2 howler monkey skeletons
  9 adders
  2 shadow imps
  3 adder skeletons
  4 worms
  4 dart slugs (D:2)
  6 leopard geckos
  20 orcs
  A ball python (D:5)
  7 bats
  2 giant cockroaches
  4 goblins (D:2)
  7 hobgoblins
  4 jackals (D:4)
  5 quokkas
  5 frilled lizards
  A giant cockroach zombie (D:5)
  5 kobolds
  2 quokka skeletons
  7 rats
169 creatures vanquished.

Vanquished Creatures (others)
  An orc wizard (D:6)
1 creature vanquished.

Grand Total: 170 creatures vanquished

Notes
Turn   | Place    | Note
-------+----------+-------------------------------------------
     0 | D:1      | Fang the Gargoyle Berserker began the quest for the Orb.
     0 | D:1      | Reached XP level 1. HP: 14/14 MP: 1/1
   614 | D:2      | Noticed a wight
   614 | D:2      | Noticed a wight
   614 | D:2      | Noticed a wight
   614 | D:2      | Noticed a wight
   619 | D:2      | Killed a wight
   619 | D:2      | Reached XP level 2. HP: 17/20 MP: 2/2
   619 | D:2      | Reached XP level 3. HP: 21/24 MP: 3/3
   623 | D:1      | Reached XP level 4. HP: 6/29 MP: 4/4
  1362 | D:2      | Reached XP level 5. HP: 21/33 MP: 5/5
  2110 | D:2      | Reached XP level 6. HP: 32/39 MP: 6/6
  2347 | D:2      | Reached ** piety under Trog
  2878 | D:3      | Found a burning altar of Makhleb.
  3110 | D:3      | Reached skill level 5 in Fighting
  3404 | D:4      | You fall into a shaft and drop 1 floor!
  3404 | D:5      | Entered Level 5 of the Dungeon
  3531 | D:5      | Reached *** piety under Trog
  3531 | D:5      | Reached XP level 7. HP: 44/44 MP: 7/7
  3565 | D:5      | Noticed Grinder
  3586 | D:5      | Killed Grinder
  3595 | D:5      | Reached skill level 5 in Armour
  3670 | D:5      | Reached XP level 8. HP: 44/51 MP: 8/8
  3783 | D:5      | Reached skill level 5 in Axes
  4383 | D:5      | Noticed Sigmund
  4396 | D:5      | Killed Sigmund
  5148 | D:6      | Reached XP level 9. HP: 28/57 MP: 9/9
  5326 | D:6      | Reached skill level 5 in Dodging
  5936 | D:7      | Reached **** piety under Trog
  5945 | D:7      | Found a staircase to the Ecumenical Temple.
  6249 | D:7      | Found a snail-covered altar of Cheibriados.
  6363 | D:7      | Found an iron altar of Okawaru.
  6542 | Temple   | Entered the Ecumenical Temple
  6574 | D:8      | Found an opulent altar of Gozag.
  6574 | D:8      | Found a shimmering altar of Xom.
  6634 | D:8      | Reached XP level 10. HP: 64/64 MP: 10/10
  6822 | D:8      | Noticed an obsidian statue
  6827 | D:8      | Noticed a smoke demon
  6831 | D:8      | Noticed a rust devil
  6840 | D:8      | HP: 3/65 [iron imp[an obsidian statue] (4)]
  6841 | D:8      | Incinerated by a smoke demon

Levels and vault maps discovered:
D:1:      wander_arrival_lonely_grave, layout_loops_ring,
          corexii_leaking_fountain, dk_noncrumbling_4
D:2:      layout_rooms, minivault_23, grunt_decor_resistance
D:3:      layout_loops_ring, nicolae_overflow_hidden_temple, hex_large
D:4:      layout_basic
D:5:      layout_loops_ring, first_ration, uniq_grinder, uniq_sigmund
D:6:      layout_rooms
D:7:      layout_basic, cheibriados_altar_1, kennysheep_mini,
          minmay_temple_entry_statues, ebering_dispersal_statue_hall,
          grunt_ogre_cave, bh_chokoban
D:8:      minmay_separated_statues, layout_loops_cross,
          nicolae_gozag_seed_capital, special_room [special_room_orc],
          xom_confusion_cloud
Temple:   regret_index_temple_mists

Skill      XL: |  1  2  3  4  5  6  7  8  9 10 |
---------------+-------------------------------+-----
Axes           | 3 4 5 6 7 |  7.0
Dodging        | 2 3 4 5 6 |  6.1
Fighting       | 4 5 7 8 |  8.5
Armour         | 3 4 5 6 7 8 |  8.0

Action                   |  1- 3 |  4- 6 |  7- 9 | 10-12 || total
-------------------------+-------+-------+-------+-------++-------
Melee: Hand axe          |    24 |   137 |       |       ||   161
       War axe           |       |   125 |   397 |    70 ||   592
Invok: Berserk           |     1 |     3 |     8 |     1 ||    13
       Trog's Hand       |       |       |     7 |     1 ||     8
  Eat: Chunk             |       |    12 |    17 |     2 ||    31
       Ration            |       |       |     1 |       ||     1
Armor: Animal skin       |    10 |    12 |       |       ||    22
       Plate armour      |       |   231 |   330 |    68 ||   629
       Chain mail        |       |     4 |       |       ||     4
       Skin              |       |     1 |       |       ||     1
Dodge: Dodged            |    20 |   149 |   210 |    52 ||   431
